Map: Prüfung von Aiur LE

Players

Zillah - Winner!

  • Race: Zerg Zerg
  • Spawn Location: 11:00

Panda

  • Race: Zerg Zerg
  • League: Diamond
  • Spawn Location: 5:00

VOD

Have the link to the VOD?

Description

Time

  • Played on: Sept. 8, 2017, 3:10 p.m.
  • Length: 4:52
Show
View Real Time Build Order
Export as new Build Order

Zillah Zerg - Winner!

Build Orders: Pool First, Zergling Baneling 

Get SALT Encoding   

  12  0:01  Drone  
  13  0:14  Drone  
  14  0:23  Extractor  
  14  0:24  Drone  
  14  0:34  Spawning Pool  
  13  0:37  Drone  
  14  0:45  Extractor, Drone  
  15  0:52  Overlord  
  15  1:21  Queen  
  15  1:22  Zergling x6  
  20  1:27  Metabolic Boost  
  20  1:34  Zergling x2  
  21  1:46  Overlord  
  21  1:53  Baneling Nest  
  20  2:03  Zergling x2  
  21  2:09  Zergling x2  
  22  2:19  Zergling x2  
  23  2:28  Zergling x2  
  22  2:36  Zergling x6  
  23  2:49  Zergling x2  
  24  2:52  Baneling  
  24  2:53  Baneling  
  24  2:55  Baneling x2  
  24  2:56  Zergling x2  
  25  3:15  Zergling x8  
  28  3:32  Zergling x2  
  27  3:36  Baneling x4  
  27  3:40  Zergling x2  
  24  3:51  Zergling x2  
  25  3:58  Zergling x4  
  26  4:03  Hatchery  
  26  4:08  Zergling x2  
  26  4:09  Spine Crawler  
  23  4:12  Baneling x2  
  22  4:18  Zergling x2  
  22  4:19  Zergling x2  
Show
View Real Time Build Order
Export as new Build Order

Panda Zerg 

Build Orders: Pool First 

Get SALT Encoding   

  12  0:01  Drone  
  13  0:18  Extractor  
  13  0:20  Drone x2  
  14  0:35  Spawning Pool  
  13  0:44  Overlord  
  13  0:50  Evolution Chamber  
  13  0:55  Drone  
  13  1:03  Drone  
  14  1:09  Drone  
  15  1:19  Zerg Melee Weapons Level 1  
  15  1:26  Drone x2  
  17  1:38  Queen  
  19  1:43  Drone  
  20  1:51  Overlord  
  20  1:58  Metabolic Boost  
  20  2:04  Zergling x2  
  20  2:05  Zergling x2  
  22  2:11  Zergling x2  
  23  2:27  Zergling x2  
  24  2:37  Zergling x2  
  24  2:43  Zergling x2  
  26  2:48  Overlord x2  
  26  2:49  Zergling x2  
  27  2:59  Hatchery  
  27  3:00  Queen  
  28  3:08  Zergling x2  
  29  3:13  Zergling x2  
  21  3:48  Zergling x6  
  21  3:50  Queen  
  21  3:52  Drone  
  24  4:01  Spine Crawler  
  17  4:23  Zergling x4  
  17  4:24  Zergling x2  
Tags
 
League
Diamond
Matchup
ZvZ
Race
Zerg
Replay Pack
replays1
Spawn Locations
Cross Positions
Add a new tag
Caveats
  • Supply blocks, unpowered buildings, or Contaminate may cause inaccurate times.
  • Supply counts are checked every 10 seconds.